 Dungeon Crawl Stone Soup version 0.29-a0-632-g781b4ac09e (webtiles) character file.

Game seed: 8686635140026648518

53878 Conn the Thaumaturge (level 14, -5/81 HPs)
             Began as an Octopode Fire Elementalist on June 19, 2022.
             Was a High Priest of Sif Muna.
             Slain by a seven-headed hydra (10 damage)
             ... on level 1 of the Lair of Beasts.
             The game lasted 01:45:36 (22483 turns).

Conn the Thaumaturge (Octopode Fire Elementalist)  Turns: 22483, Time: 01:45:36

Health: -5/81      AC:  7    Str: 10    XL:     14   Next: 70%
Magic:  20/36      EV: 15    Int: 33    God:    Sif Muna [*****.]
Gold:   2910       SH:  8    Dex: 19    Spells: 7/38 levels left

rFire   + + .      SeeInvis +   a - +8 mace of a Billion Souls {elec, rElec rPois rC+}
rCold   + . .      Faith    .   N - +3 warlock's mirror {reflect}
rNeg    . . .      Spirit   .   C - +2 hat {SInv}
rPois   +          Reflect  +   Y - amulet of magic regeneration
rElec   +          Harm     .   d - ring of protection from cold
rCorr   .          Rampage  .   j - ring of Descent {Contam rF+ Str+2 Dex+6}
Will    +++..                   v - ring of fire
Stlth   +++++.....              A - +4 ring of protection
HPRegen 0.23/turn               W - +6 ring of intelligence
MPRegen 0.65/turn               D - ring of poison resistance
                                n - ring of magical power
                                T - +6 ring of intelligence

@: no status effects
A: almost no armour, amphibious, 8 rings, camouflage 1, gelatinous body 1,
(nimble swimmer 1), tentacles, see invisible, low MP 1, strong-willed 2
a: Renounce Religion, Channel Magic, Forget Spell, Divine Exegesis


You were on level 1 of the Lair of Beasts.
You worshipped Sif Muna.
Sif Muna was extremely pleased with you.
You visited 3 branches of the dungeon, and saw 17 of its levels.
You also visited: Gauntlet and Ice Cave.

You collected 2910 gold pieces.

Inventory:

Hand Weapons
 a - the +8 mace of a Billion Souls (weapon) {elec, rElec rPois rC+}
   (You took it off a minotaur in a Gauntlet)

   It occasionally discharges a powerful burst of electricity upon striking a
   foe.
   rC:        It protects you from cold.
   rElec:     It insulates you from electricity.
   rPois:     It protects you from poison.
Missiles
 H - a curare-tipped dart
 X - 3 throwing nets
Armour
 C - a +2 hat of see invisible (worn)
 N - the +3 warlock's mirror (worn) {reflect}
   (You acquired it on level 11 of the Dungeon)

   It can block and reflect piercing ranged attacks and magical attacks against
   the wielder's willpower.
 R - the +3 buckler of the Wumpus {Int+7 Dex-5 Stlth-}
   (You found it on level 12 of the Dungeon)

   Int:       It affects your intelligence (+7).
   Dex:       It affects your dexterity (-5).
   Stlth:     It makes you less stealthy.
Magical Staves
 b - a staff of fire
 u - a staff of poison
Jewellery
 d - a ring of protection from cold (left tentacle)
 j - the ring of Descent (right tentacle) {Contam rF+ Str+2 Dex+6}
   (You found it in a Gauntlet)

   [ring of protection from fire]

   Str:       It affects your strength (+2).
   Dex:       It affects your dexterity (+6).
   rF:        It protects you from fire.
   Contam:    It causes magical contamination when unequipped.
 k - a +4 ring of evasion
 l - an amulet of guardian spirit
 n - a ring of magical power (on tentacle)
 s - a ring of flight
 v - a ring of fire (on tentacle)
 w - a ring of protection from cold
 A - a +4 ring of protection (on tentacle)
 D - a ring of poison resistance (on tentacle)
 G - a ring of protection from fire
 S - an amulet of reflection
 T - a +6 ring of intelligence (on tentacle)
 W - a +6 ring of intelligence (on tentacle)
 Y - an amulet of magic regeneration (around mantle)
Wands
 x - a wand of digging (12)
 F - a wand of charming (2)
 K - a wand of flame (9)
Scrolls
 g - a scroll of identify
 h - 2 scrolls of enchant armour
 m - 7 scrolls of teleportation
 o - a scroll of poison
 t - a scroll of fog
 y - 3 scrolls of enchant weapon
 I - 2 scrolls of amnesia
 J - a scroll of brand weapon {unknown}
 L - a scroll of vulnerability {unknown}
 Q - a scroll of fear {unknown}
Potions
 c - 4 potions of flight
 e - 3 potions of curing
 f - a potion of berserk rage {unknown}
 p - a potion of ambrosia
 q - a potion of cancellation
 r - 2 potions of mutation
 z - a potion of degeneration {unknown}
 M - a potion of magic
 P - a potion of might
 V - 2 potions of heal wounds
 Z - a potion of haste
Miscellaneous
 B - a phantom mirror


   Skills:
 + Level 2.9 Fighting
 + Level 2.4(3.1) Maces & Flails
 + Level 2.9(3.3) Staves
 + Level 4.5 Dodging
 + Level 6.3 Stealth
 + Level 2.1 Shields
 + Level 12.6 Spellcasting
 * Level 8.3 Conjurations
 + Level 2.8 Hexes
 + Level 6.5 Summonings
 - Level 4.0 Transmutations
 * Level 12.3 Fire Magic
 * Level 5.7 Earth Magic
 * Level 10.6 Invocations
 + Level 0.7 Evocations


You had 7 spell levels left.
You knew the following spells:

 Your Spells              Type           Power      Damage    Failure   Level
a - Foxfire               Conj/Fire      100%       2x1d9     1%          1
b - Conjure Flame         Conj/Fire      93%        6-21      1%          3
c - Inner Flame           Hex/Fire       82%        N/A       1%          3
d - Flame Wave            Conj/Fire      93%        2d16      1%          4
e - Scorch                Fire           100%       2d10      1%          2
f - Call Canine Familiar  Summ           59%        N/A       1%          3
g - Iron Shot             Conj/Erth      30%        9d6       24%         6
h - Irradiate             Conj/Tmut      28%        3d22      6%          5
i - Iskenderun's Mystic   Conj/Tloc      48%        2d11      4%          4

Your spell library contained the following spells:

 Spells                   Type           Power      Damage    Failure   Level
 Passwall                 Tmut/Erth      43%        N/A       1%          2
 Wereblood                Tmut           47%        N/A       1%          2
 Apportation              Tloc           40%        N/A       2%          1
 Fulminant Prism          Conj/Hex       27%        3d14      2%          4
 Sublimation of Blood     Necr           20%        N/A       4%          2
 Portal Projectile        Hex/Tloc       60%        N/A       4%          3
 Leda's Liquefaction      Hex/Erth       24%        N/A       4%          4
 Lee's Rapid Deconstruct  Erth           27%        3d16*     8%          5
 Blade Hands              Tmut           23%        N/A       16%         5
 Olgreb's Toxic Radiance  Pois           20%        N/A       28%         4
 Passage of Golubria      Tloc           20%        N/A       28%         4
 Alistair's Intoxication  Tmut/Pois      22%        N/A       34%         5
 Silence                  Hex/Air        15%        N/A       41%         5
 Summon Hydra             Summ           29%        N/A       86%         7
 Dragon Form              Tmut           23%        N/A       99%         7
 Ozocubu's Refrigeration  Ice            10%        4d7       100%        7
 Ignition                 Fire           50%        3d14      75%         8
 Lehudib's Crystal Spear  Conj/Erth      30%        10d8      100%        8


Dungeon Overview and Level Annotations

Branches:
Dungeon (14/15)            Temple (1/1) D:5            Lair (2/6) D:8
    Orc (0/2) D:11         Vaults (0/5) D:14          IceCv (visited)
Gauntlet (visited)
  Swamp: Lair:2-4    Shoals: Lair:2-4     Snake: Lair:2-4    Spider: Lair:2-4

Altars:
Ashenzari
Dithmenos
Elyvilon
Gozag
Hepliaklqana
Kikubaaqudgha
Makhleb
Nemelex Xobeh
Okawaru
Qazlal
Sif Muna
Wu Jian
Xom
Yredelemnul
The Shining One

Shops:
D:10 *

Annotations:
D:13 Nessos
Lair:2 Amaemon


Innate Abilities, Weirdness & Mutations

You cannot wear most types of armour.
You are amphibious.
You can wear up to eight rings at the same time.
Your skin changes colour to match your surroundings (Stealth+).
Your rubbery body absorbs attacks. (AC +1, EV +1)
((You are camouflaged when in or above water. (Stealth+)))
You have tentacles for arms and can constrict up to eight enemies at once.
You have supernaturally acute eyesight. (SInv)
Your magical capacity is low. (-10% MP)
You are highly strong-willed. (Will++)


Message History

The dire elephant is lightly wounded.
The dire elephant's fire resistance burns away.
Casting: Scorch (safe; 1% risk of failure)
Confirm with . or Enter, or press ? or * to list all spells.
You erupt in a blast of force!
The mystic blast hits the dire elephant.
Flame seeps out of the dire elephant.
The dire elephant is lightly wounded.
The dire elephant is engulfed in blazing flames.
Flame seeps out of the dire elephant.
The dire elephant tramples you!!
You stumble backwards!
Casting: Iskenderun's Mystic Blast (dangerous; 4% risk of failure)
Confirm with . or Enter, or press ? or * to list all spells.
You erupt in a blast of force!
The mystic blast hits the dire elephant!
Flame seeps out of the dire elephant.
The dire elephant is moderately wounded.
The dire elephant is knocked back by the mystic blast.
Press: ? - help, v - describe, . - travel
Here: a dire elephant (flame, moderately wounded, inner flame, more vulnerable to fire)
The floor.
Unknown command.
Unknown command.
Unknown command.
The dire elephant is engulfed in blazing flames.
Flame seeps out of the dire elephant.
The dire elephant is engulfed in blazing flames.
Flame seeps out of the dire elephant.
There is a stone staircase leading up here.
You climb upwards.
The hell rat completely misses you.
You block the seven-headed hydra's attack.
The seven-headed hydra bites you.
* * * LOW HITPOINT WARNING * * *
The seven-headed hydra bites you!
* * * LOW HITPOINT WARNING * * *
The seven-headed hydra bites you.
* * * LOW HITPOINT WARNING * * *
The seven-headed hydra completely misses you.
The seven-headed hydra bites you!
You die...

. #.........# #.#..## #.
rr## .#.........###.##.#
##. r r.#
##.#######....##.#####
#.. †###.#..##
##.##.....#.## ##..
#†.##r##.###.#..........#
#...
###r.rr..##D#.##......###
##..
#...###r.#.###......# ##.
#.#...####### #...#..# ##
##.###.. #@D#..## # #.#
#.#.....r####.## #.
##.#.#.# #...#### .
#..### ##......## ##
#...#####........##
#.....#...........##
..................##
#................##
#.)..............#


You could see a seven-headed hydra and a hell rat.

Vanquished Creatures
  Gastronok (D:8)
  2 frost giants (IceCv)
  An ironbound preserver (D:14)
  An entropy weaver (Gauntlet)
  A white draconian (IceCv)
  A minotaur (Gauntlet)
  Josephine (D:10)
  Harold (Lair:1)
  2 ice dragons (IceCv)
  2 ironbound frosthearts (IceCv)
  A centaur warrior (D:14)
  5 two-headed ogres (D:11)
  The ghost of crabbyslav the Spear-Bearer, a journeyman OpWn of Hepliaklqana (D:11)
  Erica (D:8)
  3 tengu warriors
  An orange crystal statue (IceCv)
  An oklob plant (Gauntlet)
  2 deep elf pyromancers (D:12)
  20 ugly things
  2 cyclopes
  A wolf spider (Gauntlet)
  A gargoyle (D:11)
  A cane toad (Lair:1)
  18 rime drakes
  2 orange demons (D:12)
  A kobold demonologist (D:12)
  2 efreet (D:14)
  A hellwing (D:12)
  2 unseen horrors
  3 komodo dragons
  An entropy weaver simulacrum (D:14)
  A freezing wraith (D:14)
  4 trolls
  2 hornets (D:9)
  16 polar bears (IceCv)
  A slime creature (D:14)
  3 blink frogs (Lair:1)
  A shadow (D:10)
  6 flying skulls (Gauntlet)
  A vampire (D:11)
  2 ynoxinuls (D:12)
  5 wraiths
  2 wyverns
  26 yaks
  A basilisk (D:14)
  A redback (Gauntlet)
  2 chaos spawn (D:12)
  2 minotaur simulacra (D:14)
  2 vampire mosquitoes (D:10)
  Edmund (D:6)
  3 acid dragons
  6 water moccasins
  2 orc warriors
  3 black bears
  2 alligator simulacra (D:14)
  2 ice beasts
  An ogre (D:6)
  9 centaurs
  A phantom (D:5)
  2 kobold brigands
  10 bullfrogs
  3 deep troll simulacra (D:14)
  3 scorpions
  2 necrophages (D:6)
  9 wights (D:8)
  13 killer bees
  An electric eel (Lair:2)
  6 howler monkeys
  3 quasits (D:12)
  3 hounds
  A gnoll shaman (D:8)
  A jelly (D:4)
  3 iguanas
  5 orc priests
  Jessica (D:12)
  5 orc wizards
  A hell rat (Lair:1)
  5 gnolls (D:8)
  13 adders
  3 river rats (Lair:1)
  A shadow imp (D:5)
  A white imp (D:6)
  A worm (D:2)
  4 dart slugs
  27 orcs
  6 ball pythons
  6 bats
  6 endoplasms
  3 giant cockroaches
  11 goblins
  9 hobgoblins
  25 kobolds
  6 quokkas
  3 frilled lizards
  9 rats
402 creatures vanquished.

Vanquished Creatures (collateral kills)
  An efreet (D:14)
  An iguana (D:7)
  An orc (D:7)
  2 foxfires
5 creatures vanquished.

Vanquished Creatures (others)
  6 demonic plants (D:12)
  1034 foxfires
  A fungus (Gauntlet)
  2 plants
1043 creatures vanquished.

Grand Total: 1450 creatures vanquished

Notes
Turn   | Place    | Note
-------+----------+-------------------------------------------
     0 | D:1      | Conn the Octopode Fire Elementalist began the quest for the
                  | Orb.
     0 | D:1      | Reached XP level 1. HP: 11/11 MP: 3/3
   312 | D:1      | Reached XP level 2. HP: 17/17 MP: 0/5
   962 | D:2      | Reached XP level 3. HP: 14/21 MP: 1/6
  1538 | D:2      | Reached XP level 4. HP: 17/27 MP: 3/8
  2960 | D:3      | Found a faded altar of an unknown god.
  3110 | D:3      | Learned a level 3 spell: Conjure Flame
  3119 | D:3      | Learned a level 3 spell: Inner Flame
  3601 | D:4      | Reached XP level 5. HP: 31/31 MP: 4/9
  3850 | D:4      | Noticed a water moccasin
  3865 | D:4      | Killed a water moccasin
  3866 | D:4      | Reached XP level 6. HP: 19/36 MP: 7/11
  4582 | D:4      | Learned a level 4 spell: Flame Wave
  4907 | D:5      | Entered Level 5 of the Dungeon
  4926 | D:5      | Found a staircase to the Ecumenical Temple.
  4932 | Temple   | Entered the Ecumenical Temple
  5159 | Temple   | Became a worshipper of Sif Muna the Loreminder
  5403 | D:5      | Reached XP level 7. HP: 41/41 MP: 9/13
  5516 | D:5      | Reached skill level 5 in Fire Magic
  5633 | D:5      | Reached skill level 1 in Staves
  5658 | D:5      | Reached skill level 1 in Invocations
  6304 | D:5      | Learned a level 2 spell: Scorch
  6498 | D:6      | Reached XP level 8. HP: 47/47 MP: 8/15
  6699 | D:6      | Noticed Edmund
  6706 | D:6      | Reached skill level 1 in Fighting
  6706 | D:6      | Reached skill level 5 in Spellcasting
  6719 | D:6      | Killed Edmund
  7118 | D:6      | Reached * piety under Sif Muna
  7728 | D:7      | Reached XP level 9. HP: 48/53 MP: 6/17
  7943 | D:7      | Identified a scroll of acquirement
  7943 | D:7      | Acquired 932 gold pieces
  8112 | D:7      | Learned a level 3 spell: Call Canine Familiar
  8633 | D:8      | Found a staircase to the Lair.
  8648 | D:8      | Reached skill level 1 in Summonings
  8820 | D:8      | Identified the +0 falchion of Fiomaas {venom, rElec rPois}
  8857 | D:8      | Noticed Erica
  8871 | D:8      | Killed Erica
  8872 | D:8      | Reached skill level 5 in Conjurations
  8872 | D:8      | Reached skill level 5 in Invocations
  9135 | D:8      | Noticed Gastronok
  9152 | D:8      | Reached XP level 10. HP: 59/59 MP: 7/20
 10222 | D:8      | Killed Gastronok
 10222 | D:8      | Reached ** piety under Sif Muna
 10223 | D:8      | Reached skill level 1 in Hexes
 10400 | D:9      | Reached skill level 5 in Stealth
 11110 | D:9      | Reached XP level 11. HP: 65/65 MP: 12/23
 11117 | D:9      | Reached skill level 5 in Summonings
 11450 | D:10     | Entered Level 10 of the Dungeon
 11630 | D:10     | Found a stormy altar of Qazlal.
 11841 | D:10     | Noticed Josephine
 11855 | D:10     | Killed Josephine
 12004 | D:10     | Identified the +2 robe of Osido {Str+4}
 12687 | D:10     | Found Ilis's Changing Room.
 13131 | D:11     | Found a staircase to the Orcish Mines.
 13166 | D:11     | Found a transporter.
 13231 | D:11     | Noticed a two-headed ogre
 13232 | D:11     | Noticed crabbyslav's ghost (journeyman OpWn)
 13233 | D:11     | Noticed a two-headed ogre
 13236 | D:11     | Noticed a two-headed ogre
 13238 | D:11     | Noticed a two-headed ogre
 13311 | D:11     | Noticed a cyclops
 13321 | D:11     | Killed a cyclops
 13731 | D:11     | Identified the +7 giant club "Spiderbane" {vorpal, Str+3}
 13731 | D:11     | Noticed a two-headed ogre
 13849 | D:11     | Acquired the +3 warlock's mirror {reflect}
 13849 | D:11     | Found the +3 warlock's mirror {reflect}
 13955 | D:12     | Noticed a tengu warrior
 13956 | D:12     | Noticed a tengu warrior
 13970 | D:12     | Reached *** piety under Sif Muna
 13986 | D:12     | Noticed a sixfirhy
 14146 | D:12     | Found a gate leading to a gauntlet.
 14155 | Gauntlet | Entered a Gauntlet
 14155 | Gauntlet | Noticed an oklob plant
 14155 | Gauntlet | Found a transporter.
 14155 | Gauntlet | Found a transporter.
 14159 | Gauntlet | Found a transporter.
 14160 | Gauntlet | Noticed a shining eye
 14163 | Gauntlet | Found a transporter.
 14177 | Gauntlet | Found a transporter.
 14178 | Gauntlet | Found a transporter.
 14179 | Gauntlet | Noticed a glowing orange brain
 14182 | Gauntlet | Noticed a glowing orange brain
 14184 | Gauntlet | Noticed a green ugly thing
 14187 | Gauntlet | Noticed a wolf spider
 14195 | Gauntlet | Noticed an entropy weaver
 14198 | Gauntlet | Found a transporter.
 14217 | Gauntlet | Found a transporter.
 14219 | Gauntlet | Found a transporter.
 14229 | Gauntlet | Found a transporter.
 14233 | Gauntlet | Found a transporter.
 14305 | Gauntlet | Found a transporter.
 14517 | Gauntlet | Killed an oklob plant
 14518 | Gauntlet | Reached skill level 1 in Shields
 14518 | Gauntlet | Reached XP level 12. HP: 69/72 MP: 6/25
 14520 | Gauntlet | Identified the ring of Descent {Contam rF+ Str+2 Dex+6}
 14624 | Gauntlet | Gained mutation: You are strong-willed. (Will+) [potion of
                  | mutation]
 14624 | Gauntlet | Gained mutation: Your body sometimes deteriorates upon
                  | taking damage. [potion of mutation]
 14624 | Gauntlet | Gained mutation: You passively map a small area around you.
                  | [potion of mutation]
 14625 | Gauntlet | Lost mutation: Your body sometimes deteriorates upon taking
                  | damage. [potion of mutation]
 14625 | Gauntlet | Lost mutation: You passively map a small area around you.
                  | [potion of mutation]
 14625 | Gauntlet | Gained mutation: You have supernaturally acute eyesight.
                  | (SInv) [potion of mutation]
 14625 | Gauntlet | Gained mutation: You are highly strong-willed. (Will++)
                  | [potion of mutation]
 14799 | Gauntlet | Killed an entropy weaver
 14800 | Gauntlet | Reached skill level 10 in Spellcasting
 15183 | Gauntlet | Identified the +8 mace of a Billion Souls {elec, rElec
                  | rPois rC+}
 15183 | Gauntlet | Identified the +4 fustibalus of Amortisation {freeze, Drain
                  | Int+4 Dex+3}
 15183 | Gauntlet | Noticed a minotaur
 15206 | Gauntlet | Killed a minotaur
 15324 | Gauntlet | Identified the +7 hand crossbow of Deformation {flame,
                  | *Corrode rC+ Str+4 Int+2}
 15325 | Gauntlet | Got the Guide on Earth
 15609 | D:12     | Reached skill level 10 in Fire Magic
 15863 | D:12     | Identified the +3 buckler of the Wumpus {Int+7 Dex-5
                  | Stlth-}
 15966 | D:12     | Killed a tengu warrior
 15977 | D:12     | Killed a tengu warrior
 16213 | D:12     | Identified the +10 dagger of Doom {distort, rElec rF- rC+
                  | MP+9}
 16217 | D:12     | You are sucked into a shaft and drop 2 floors!
 16282 | D:14     | Learned a level 6 spell: Iron Shot
 16494 | D:14     | Found a gate to the Vaults.
 16494 | D:14     | Noticed a tengu warrior
 16494 | D:14     | Noticed an ironbound preserver
 16494 | D:14     | Noticed a boulder beetle
 16536 | D:14     | Reached skill level 1 in Earth Magic
 16555 | D:14     | Reached skill level 1 in Maces & Flails
 16563 | D:14     | Found a frozen archway.
 16575 | D:14     | Reached XP level 13. HP: 34/76 MP: 1/28
 16720 | IceCv    | Entered an ice cave
 16777 | IceCv    | Reached **** piety under Sif Muna
 16899 | IceCv    | Learned a level 5 spell: Irradiate
 16909 | IceCv    | Noticed an ice dragon
 16909 | IceCv    | Noticed an ice dragon
 16926 | IceCv    | Noticed an ice dragon
 16927 | IceCv    | Noticed an ice dragon
 16958 | IceCv    | HP: 3/114 [cloud of flame (3)]
 17322 | IceCv    | Noticed an ice dragon
 17452 | IceCv    | Reached skill level 1 in Transmutations
 18398 | IceCv    | Learned a level 4 spell: Iskenderun's Mystic Blast
 18429 | IceCv    | Noticed a white draconian
 18443 | IceCv    | Killed a white draconian
 18658 | IceCv    | Noticed an ice dragon
 18658 | IceCv    | Noticed a frost giant
 18658 | IceCv    | Noticed a frost giant
 18666 | IceCv    | Killed an ice dragon
 18666 | IceCv    | Killed a frost giant
 18666 | IceCv    | Killed a frost giant
 18667 | IceCv    | Reached XP level 14. HP: 58/81 MP: 17/29
 19474 | D:14     | Killed an ironbound preserver
 19485 | D:14     | Reached skill level 10 in Invocations
 19841 | D:13     | Reached skill level 5 in Earth Magic
 19895 | D:13     | Noticed Nessos
 20242 | D:12     | Found a sparkling altar of Nemelex Xobeh.
 20242 | D:12     | Noticed Jessica
 20248 | D:12     | Killed Jessica
 20606 | D:11     | Found a transporter.
 20666 | D:11     | Killed crabbyslav's ghost
 20685 | D:11     | Gained mutation: Your magical capacity is low. (-10% MP)
                  | [mutagenic glow]
 20849 | Lair:1   | Entered Level 1 of the Lair of Beasts
 21175 | Lair:1   | Noticed Harold
 21183 | Lair:1   | Killed Harold
 21861 | Lair:2   | Noticed Amaemon
 22174 | Lair:2   | Reached ***** piety under Sif Muna
 22290 | Lair:2   | Acquired 968 gold pieces
 22449 | Lair:2   | Noticed a dire elephant
 22483 | Lair:1   | Slain by a seven-headed hydra

Illustrated notes

Levels and vault maps discovered:
D:1:      saegor_arrival_fortress, layout_basic
D:2:      layout_basic, minmay_octomino_e4
D:3:      mumra_celtic_spiral_tile, layout_loops_ring,
          chequers_ecumenical_altar_simple_redux
D:4:      corexii_shack_village, layout_basic
D:5:      layout_loops_corners, minmay_temple_entry_ruins
D:6:      layout_loops_ring, uniq_edmund
D:7:      layout_loops_ring
D:8:      layout_cave_pools, lair_entry_dummy, kennysheep_minor_cross,
          uniq_erica, uniq_gastronok
D:9:      layout_cave_pools, kennysheep_crisscross
D:10:     layout_roguey, mainiacjoe_overflow_brackets,
          nicolae_concentric_dashed_squares_mild, minmay_misc_feat_more_columns,
          nicolae_transmutations_shop, uniq_josephine
D:11:     layout_long_grid, orc_0_dummy, gammafunk_ghost_smash
D:12:     layout_cave_pods, serial_demonic, serial_demonic_d, serial_demonic_g,
          serial_demonic_e, serial_demonic_e, serial_demonic_d,
          serial_demonic_b, gauntlet_entry_generic, nemelex_lonely_heart_becter
D:13:     layout_cave_pools, nicolae_trove_entry_path_of_doom,
          nicolae_water_bricks, uniq_snorg, uniq_nessos, uniq_lodul
D:14:     layout_loops_corners, skrybe_vaults_entry_preservation,
          hangedman_decor_opposing, portal_ice_cave_entry_ice_simulacra,
          minivault_25
Temple:   mainiacjoe_temple_trianglar_array
Lair:1:   lemuel_ratsnest, layout_cave_pods, uniq_harold
Lair:2:   layout_small_grid, columned_hall_lemuel, nicolae_lair_lakeside_cave,
          grunt_megastairs_3, serial_bayou_shore_b, uniq_amaemon

Skill      XL: |  1  2  3  4  5  6  7  8  9 10 11 12 13 14 |
---------------+-------------------------------------------+-----
Stealth        | 3 4 5 6 |  6.3
Conjurations   | 2 3 4 5 6 7 8 |  8.3
Spellcasting   | 3 4 5 6 8 9 11 12 | 12.6
Fire Magic     | 4 5 6 7 8 9 10 11 12 | 12.3
Staves         | 1 2 |  2.9
Invocations    | 1 3 5 6 7 8 9 10 | 10.6
Fighting       | 1 2 |  2.9
Dodging        | 3 4 |  4.5
Summonings     | 2 4 6 |  6.5
Hexes          | 1 2 |  2.8
Shields        | 1 2 |  2.1
Earth Magic    | 2 4 5 |  5.7
Maces & Flails | 1 2 |  2.4
Transmutations | 3 4 |  4.0
Evocations     | |  0.7

Action                   |  1- 3 |  4- 6 |  7- 9 | 10-12 | 13-15 || total
-------------------------+-------+-------+-------+-------+-------++-------
Melee: Staff             |    17 |    15 |    58 |    26 |     9 ||   125
       Constrict         |     6 |     4 |    11 |     3 |     8 ||    32
       Tentacles         |     4 |     2 |    16 |     6 |    23 ||    51
       Punch             |     2 |       |     2 |     1 |     1 ||     6
       Mace              |       |       |       |     8 |    67 ||    75
 Cast: Foxfire           |    60 |   123 |   124 |   227 |    75 ||   609
       Inner Flame       |       |     2 |     3 |    30 |    28 ||    63
       Conjure Flame     |       |       |     3 |     6 |     5 ||    14
       Scorch            |       |       |    26 |   118 |   127 ||   271
       Flame Wave        |       |       |     2 |    31 |    22 ||    55
       Call Canine Famil |       |       |       |    10 |     2 ||    12
       Iskenderun's Myst |       |       |       |       |    12 ||    12
Invok: Channel Magic     |       |       |       |     5 |     4 ||     9
Evoke: Wand              |       |       |       |     4 |     8 ||    12
  Use: Potion            |       |     4 |     5 |     7 |     6 ||    22
       Scroll            |       |       |    15 |     9 |     7 ||    31
 Stab: Sleeping          |     2 |     1 |     2 |     1 |     1 ||     7
Armor: Skin              |       |     1 |       |    24 |    22 ||    47
Dodge: Dodged            |    10 |    35 |    54 |   101 |   140 ||   340
Block: Buckler           |       |       |       |    34 |    59 ||    93
       Reflection        |       |       |       |     1 |     3 ||     4

Table legend: (Time is in decaauts)
 A = Elapsed time spent in this place.
 B = Non-inter-level travel time spent in this place.
 C = Inter-level travel time spent in this place.
 D = Time resting spent in this place.
 E = Time spent auto-exploring this place.
 F = Levels seen in this place.
 G = Mean time per level.
                   A        B        C        D        E       F      G
               +--------+--------+--------+--------+--------+-----+--------+
         Total |  22485 |  22064 |    421 |   1072 |  16353 |  19 | 1183.4 |
       Dungeon |  17008 |  16618 |    390 |    544 |  12889 |  14 | 1214.9 |
        Temple |    257 |    227 |     30 |      0 |    222 |   1 |  257.0 |
          Lair |   1642 |   1642 |      0 |      0 |   1280 |   2 |  821.0 |
      Ice Cave |   2414 |   2414 |      0 |    335 |   1518 |   1 | 2414.0 |
      Gauntlet |   1162 |   1162 |      0 |    193 |    444 |   1 | 1162.0 |
               +--------+--------+--------+--------+--------+-----+--------+

Top non-repeatable levels by time:
   IceCv: 2414 daAuts
     D:8: 1849 daAuts
    D:12: 1799 daAuts
     D:2: 1440 daAuts
     D:4: 1412 daAuts
    D:11: 1405 daAuts
     D:7: 1373 daAuts
     D:5: 1189 daAuts
     D:6: 1187 daAuts
    D:14: 1176 daAuts
     D:3: 1175 daAuts
Gauntlet: 1162 daAuts
    D:10: 1156 daAuts
  Lair:1: 1021 daAuts
     D:1: 881 daAuts
